 Dungeon Crawl Stone Soup version 0.30-a0-634-g8abc85282e (webtiles) character file.

Game seed: 13912432651930891966

95 Leeroy the Slasher (level 4, -2/26 HPs)
             Began as a Tengu Warper on Jan 14, 2023.
             Killed by divine providence
             ... invoked by an orc priest
              (16 damage)
             ... on level 4 of the Dungeon.
             The game lasted 00:03:18 (2899 turns).

Leeroy the Slasher (Tengu Warper)                   Turns: 2899, Time: 00:03:18

Health: -2/26      AC:  3    Str: 11    XL:     4   Next: 65%
Magic:  8/8        EV: 12    Int: 13    God:
Gold:   238        SH:  0    Dex: 16    Spells: 2/7 levels left

rFire   + . .      SeeInvis +    w - +0 long sword
rCold   . . .      Faith    .    (no shield)
rNeg    . . .      Spirit   .    b - +0 leather armour
rPois   .          Reflect  .    (helmet restricted)
rElec   .          Harm     .    (no cloak)
rCorr   .          Rampage  .    (no gloves)
Will    .....                    (boots unavailable)
Stlth   +                        g - amulet of magic regeneration
HPRegen 0.24/turn                j - ring of see invisible
MPRegen 0.51/turn                o - ring of protection from fire

@: no status effects
A: beak, talons 3
a: no special abilities


You were on level 4 of the Dungeon.
You visited 1 branch of the dungeon, and saw 4 of its levels.

You collected 238 gold pieces.

Inventory:

Hand Weapons
 a - a +0 falchion
 q - a +2 dagger of freezing
 w - a +0 long sword (weapon)
Missiles
 d - 7 boomerangs of dispersal (quivered)
Armour
 b - a +0 leather armour (worn)
Jewellery
 g - an amulet of magic regeneration (around neck)
 j - a ring of see invisible (left hand)
 o - a ring of protection from fire (right hand)
 x - a +4 ring of protection
Scrolls
 c - a scroll of blinking
 e - 5 scrolls of identify {unknown}
 h - a scroll of brand weapon {unknown}
 l - 3 scrolls of teleportation {unknown}
 m - a scroll of fear {unknown}
 p - 2 scrolls of enchant weapon {unknown}
 s - 3 scrolls of summoning {unknown}
 t - a scroll of poison {unknown}
 v - a scroll of noise {unknown}
Potions
 f - 2 potions of curing {unknown}
 i - 2 potions of heal wounds {unknown}
 k - a potion of invisibility {unknown}
 n - a potion of ambrosia {unknown}
 r - 2 potions of flight {unknown}
 u - a potion of mutation {unknown}


   Skills:
 - Level 2.0 Fighting
 + Level 5.2 Long Blades
 - Level 1.0 Throwing
 - Level 1.1 Armour
 - Level 2.1 Dodging
 - Level 2.0 Spellcasting
 - Level 2.4 Translocations


You had 2 spell levels left.
You knew the following spells:

 Your Spells              Type           Power      Damage    Failure   Level
a - Blink                 Tloc           14%        N/A       19%         2
b - Vhi's Electric Charg  Tloc/Air       8%         N/A       52%         3

Your spell library contained the following spells:

 Spells                   Type           Power      Damage    Failure   Level
 Slow                     Hex            4%         N/A       32%         1
 Gell's Gravitas          Tloc           7%         N/A       36%         3
 Lesser Beckoning         Tloc           14%        N/A       36%         3
 Teleport Other           Tloc           7%         N/A       36%         3
 Confusing Touch          Hex            1%         N/A       69%         3
 Vampiric Draining        Necr           1%         2d6       69%         3
 Manifold Assault         Tloc           7%         N/A       77%         4
 Summon Forest            Summ/Tloc      2%         N/A       99%         5
 Summon Mana Viper        Hex/Summ       1%         N/A       100%        5
 Dispersal                Tloc           3%         N/A       100%        6
 Summon Cactus Giant      Summ           0%         N/A       100%        6


Dungeon Overview and Level Annotations

Branches:
Dungeon (4/15)
 Temple: D:4-7

Altars:

Shops:
D:1 :   D:4 *


Innate Abilities, Weirdness & Mutations

You have a beak for a mouth.
You have claws for feet.


Message History

An orc warrior comes into view. It is wielding a +1 heavy hand axe.
An orc comes into view. It is wielding a +0 hand axe.
Found a stone staircase leading up.
The orc shouts!
An orc wizard comes into view. It is wielding a +0 dagger.
An orc and an endoplasm come into view.
The endoplasm quivers.
The orc warrior shouts!
The orc shouts!
A goblin comes into view. It is wielding a +0 dagger.
You slash the goblin!
You kill the goblin!
Things that are here:
a +0 dagger; a goblin corpse
Casting: Vhi's Electric Charge (extremely dangerous; 52% risk of failure)
Confirm with . or Enter, or press ? or * to list all spells.
Okay, then.
Okay, then.
There is a stone staircase leading up here.
You climb upwards.
There is a stone staircase leading down here.
There is a stone staircase leading down here.
You climb downwards.
There is a stone staircase leading up here.
An endoplasm is nearby!
The orc priest shouts!
The endoplasm hits you but does no damage.
You slash the endoplasm!
You kill the endoplasm!
The orc priest mumbles some strange prayers to Beogh against you.
Beogh smites you!
Ouch! That really hurt!
You are too injured to fight recklessly!
You are too injured to fight recklessly!
You are too injured to fight recklessly!
You are too injured to fight recklessly!
There is a stone staircase leading up here.
The orc priest invokes the aid of Beogh against you.
Beogh smites you!
Ouch! That really hurt!
You die...

#.# ##.##.#
#####.#.###.##
##.## #o##.#
#.#.##....
....# #.##o#
#.#.##.###
##.## #<##.#
#.#...## ###
#.##.#
#.......
#.##.#
#.#...##
#..#.# #.##.##
##.#.# # ...
#.#@# ....
#.#....# #.#..
#.####.# #.#..
#.# # .... #.#
#.# #.# ###
#####.# ..#
#.....#


You could see an orc priest.

Vanquished Creatures
  2 adders (D:2)
  3 worms
  2 dart slugs
  4 orcs (D:4)
  5 bats
  5 endoplasms
  A giant cockroach (D:1)
  5 goblins
  7 hobgoblins
  A quokka (D:1)
  6 ball pythons
  4 frilled lizards
  11 kobolds
  3 rats
59 creatures vanquished.

Notes
Turn   | Place    | Note
-------+----------+-------------------------------------------
     0 | D:1      | Leeroy the Tengu Warper began the quest for the Orb.
     0 | D:1      | Reached XP level 1. HP: 12/12 MP: 4/4
    45 | D:1      | Found Lilear's Book Shoppe.
   179 | D:1      | Reached XP level 2. HP: 15/17 MP: 6/6
   180 | D:1      | Reached skill level 3 in Long Blades
   684 | D:2      | Learned a level 2 spell: Blink
   698 | D:2      | Reached XP level 3. HP: 21/21 MP: 7/7
   732 | D:2      | Learned a level 3 spell: Vhi's Electric Charge
   738 | D:2      | Reached skill level 4 in Long Blades
  1233 | D:2      | Reached XP level 4. HP: 15/26 MP: 8/8
  2579 | D:4      | Reached skill level 5 in Long Blades
  2851 | D:4      | Found Dofuewitz's General Store.
  2851 | D:4      | Noticed an orc warrior
  2899 | D:4      | Killed from afar by an orc priest

Illustrated notes

Levels and vault maps discovered:
D:1:      scummos_arrival_checkerplants, layout_loops_ring, serial_shops, shop
D:2:      layout_basic
D:3:      layout_basic
D:4:      layout_loops_ring, serial_shops, nicolae_stop_n_shop_1,
          skrybe_limestone_x

Skill      XL: |  1  2  3  4 |
---------------+-------------+-----
Long Blades    | 3 4 5 |  5.2
Fighting       | |  2.0
Throwing       | |  1.0
Armour         | |  1.1
Dodging        | |  2.1
Spellcasting   | |  2.0
Translocations | |  2.4

Action                   |  1- 3 |  4- 6 || total
-------------------------+-------+-------++-------
Melee: Falchion          |    94 |    21 ||   115
       Kick              |    23 |     8 ||    31
       Peck              |    11 |     2 ||    13
       Long sword        |       |    17 ||    17
 Stab: Sleeping          |     1 |     1 ||     2
       Distracted        |     1 |       ||     1
Armor: Leather armour    |    16 |     5 ||    21
Dodge: Dodged            |    51 |    11 ||    62

Table legend: (Time is in decaauts)
 A = Elapsed time spent in this place.
 B = Non-inter-level travel time spent in this place.
 C = Inter-level travel time spent in this place.
 D = Time resting spent in this place.
 E = Time spent auto-exploring this place.
 F = Levels seen in this place.
 G = Mean time per level.
                   A        B        C        D        E       F      G
               +--------+--------+--------+--------+--------+-----+--------+
         Total |   2911 |   2755 |    156 |      0 |   2284 |   4 |  727.8 |
       Dungeon |   2911 |   2755 |    156 |      0 |   2284 |   4 |  727.8 |
               +--------+--------+--------+--------+--------+-----+--------+

Top non-repeatable levels by time:
     D:2: 977 daAuts
     D:3: 829 daAuts
     D:1: 600 daAuts
     D:4: 504 daAuts
